 Dungeon Crawl Stone Soup version 0.30-a0-989-g0d87f670db (webtiles) character file.

Game seed: 5711257155978910490

1561 jtron the Slasher (level 8, -1/64 HPs)
             Began as a Demonspawn Berserker on Apr 3, 2023.
             Was a Priest of Trog.
             Killed from afar by a steam dragon (19 damage)
             ... with a ball of steam
             ... on level 7 of the Dungeon.
             The game lasted 00:08:42 (4866 turns).

jtron the Slasher (Demonspawn Berserker)            Turns: 4866, Time: 00:08:44

Health: -1/64      AC: 14    Str: 19    XL:     8   Next: 58%
Magic:  8/8        EV: 15    Int:  8    God:    Trog [***...]
Gold:   268        SH:  0    Dex: 14    Spells: 7/7 levels left

rFire   x . .      SeeInvis +    a - +1 falchion (chaos)
rCold   + + .      Faith    .    (no shield)
rNeg    . . .      Spirit   .    z - +0 ice dragon scales
rPois   .          Reflect  .    (no helmet)
rElec   .          Rampage  .    x - +0 cloak
rCorr   .                        n - +2 pair of gloves
Will    .....                    (no boots)
Stlth   +                        q - amulet of regeneration
HPRegen 1.10/turn                e - +5 ring of evasion
MPRegen 0.11/turn                g - ring of see invisible

@: no status effects
A: demonic magic 1, weakness stinger 1
a: Renounce Religion, Berserk, Trog's Hand


You were on level 7 of the Dungeon.
You worshipped Trog.
Trog was most pleased with you.
You visited 1 branch of the dungeon, and saw 8 of its levels.

You collected 268 gold pieces.

Inventory:

Hand Weapons
 a - a +1 falchion of chaos (weapon)
Missiles
 r - 12 poisoned darts (quivered)
 y - 4 javelins
 C - a boomerang of dispersal
Armour
 b - a +0 animal skin
 n - a +2 pair of gloves (worn)
 x - a +0 cloak (worn)
 z - +0 ice dragon scales (worn)
Jewellery
 e - a +5 ring of evasion (left hand)
 g - a ring of see invisible (right hand)
 q - an amulet of regeneration (around neck)
Wands
 m - a wand of iceblast (5)
 p - a wand of flame (29)
 u - a wand of digging (5)
 B - a wand of quicksilver (8)
Scrolls
 d - a scroll of fear {unknown}
 f - 4 scrolls of teleportation
 h - 2 scrolls of blinking
 j - a scroll of acquirement {unknown}
 l - a scroll of vulnerability {unknown}
 s - a scroll of amnesia {unknown}
 t - a scroll of fog {unknown}
 A - 2 scrolls of poison {unknown}
Potions
 c - a potion of haste
 i - 3 potions of flight
 k - 3 potions of resistance {unknown}
 o - a potion of heal wounds
 v - 4 potions of degeneration {unknown}
 w - 2 potions of curing
 D - a potion of brilliance {unknown}


   Skills:
 * Level 5.7 Fighting
 + Level 7.7 Long Blades
 * Level 2.9 Armour
 + Level 3.5 Dodging
 + Level 3.1 Stealth


You had 7 spell levels left.
You didn't know any spells.
Your spell library was empty.

Dungeon Overview and Level Annotations

Branches:
Dungeon (8/15)             Temple (0/1) D:4
   Lair: D:8-11

Altars:
Cheibriados

Shops:
D:4 :


Innate Abilities, Weirdness & Mutations

Spells you cast may paralyse adjacent enemies.
You have a small tail.


Message History

You hit the steam dragon.
The steam dragon is severely wounded.
The steam dragon bites you but does no damage.
The steam dragon claws you but does no damage.
You closely miss the steam dragon.
The steam dragon is severely wounded.
The steam dragon misses you. The steam dragon claws you.
You hit the steam dragon.
The steam dragon is almost dead.
The steam dragon barely misses you. The steam dragon claws you.
You hit the steam dragon but do no damage.
The steam dragon is almost dead.
The steam dragon bites you. The steam dragon misses you.
You hit the steam dragon but do no damage.
You tail-slap the steam dragon, but do no damage.
The steam dragon is almost dead.
The steam dragon bites you but does no damage.
The steam dragon closely misses you.
You hit the steam dragon but do no damage.
The steam dragon seems to speed up.
The steam dragon is almost dead.
The steam dragon breathes steam at you. The ball of steam hits you!
The steam scalds you terribly!
* * * LOW HITPOINT WARNING * * *
You hit the steam dragon but do no damage.
The steam dragon seems to slow down.
The steam dragon is almost dead.
You are engulfed in a cloud of scalding steam.
* * * LOW HITPOINT WARNING * * *
The steam dragon is no longer moving slowly.
The steam dragon completely misses you.
The steam dragon claws you but does no damage.
You feel much better.
You are engulfed in a cloud of scalding steam.
The steam dragon bites you!
* * * LOW HITPOINT WARNING * * *
The steam dragon closely misses you. The steam dragon breathes steam at you.
The ball of steam hits you!! The steam scalds you terribly!
You die...

###############
..............#
.#######..###.########
.# #####..#
#.ยงยง@D...# .#
#.....[###.######.# .#
#.###......# .#
#.###### .# #.# .# #.#
.# #.# .. ... .## #.#


You could see a steam dragon (fast, resistant, catching breath).

Vanquished Creatures
  Grinder (D:3)
  A hornet (D:7)
  Sigmund (D:5)
  Edmund (D:5)
  A black bear (D:5)
  An ogre (D:4)
  2 scorpions
  A hound (D:5)
  A jelly (D:7)
  An orc priest (D:6)
  2 iguanas
  Ijyb (D:3)
  Natasha (thrice) (D:3)
  4 orc wizards
  A mummy (D:4)
  11 adders
  An ufetubus (D:5)
  3 worms
  A dart slug (D:4)
  29 orcs
  9 endoplasms
  3 giant cockroaches
  6 hobgoblins
  3 jackals (D:1)
  5 quokkas
  4 ball pythons
  A bat (D:1)
  4 frilled lizards
  5 goblins
  9 kobolds
  8 rats
124 creatures vanquished.

Vanquished Creatures (others)
  3 plants (D:5)
3 creatures vanquished.

Grand Total: 127 creatures vanquished

Notes
Turn   | Place    | Note
-------+----------+-------------------------------------------
     0 | D:1      | jtron the Demonspawn Berserker began the quest for the Orb.
     0 | D:1      | Reached XP level 1. HP: 18/18 MP: 1/1
   331 | D:1      | Reached skill level 3 in Long Blades
   411 | D:1      | Gained mutation: You have a small tail. [demonic ancestry]
   411 | D:1      | Reached XP level 2. HP: 24/24 MP: 2/2
   906 | D:2      | Reached XP level 3. HP: 7/29 MP: 3/3
  1206 | D:2      | Reached ** piety under Trog
  2066 | D:2      | Gained mutation: Spells you cast may paralyse adjacent
                  | enemies. [demonic ancestry]
  2066 | D:2      | Reached XP level 4. HP: 36/36 MP: 4/4
  2200 | D:3      | Reached skill level 4 in Long Blades
  2228 | D:3      | Noticed Ijyb
  2284 | D:3      | Noticed Natasha
  2296 | D:3      | Killed Natasha
  2331 | D:3      | Reached XP level 5. HP: 42/42 MP: 5/5
  2412 | D:3      | Found a faded altar of an unknown god.
  2412 | D:3      | Noticed Natasha
  2477 | D:3      | Noticed Grinder
  2488 | D:3      | Killed Grinder
  2489 | D:3      | Reached skill level 5 in Long Blades
  2489 | D:3      | Reached XP level 6. HP: 48/48 MP: 6/6
  2633 | D:3      | Reached skill level 1 in Stealth
  2740 | D:3      | Killed Ijyb
  3033 | D:3      | Killed Natasha
  3088 | D:3      | Noticed Natasha
  3096 | D:3      | Killed Natasha
  3227 | D:4      | Found Vuaf's Book Shoppe.
  3239 | D:4      | Found a staircase to the Ecumenical Temple.
  3243 | D:4      | Reached *** piety under Trog
  3421 | D:4      | Reached skill level 6 in Long Blades
  3421 | D:4      | Reached XP level 7. HP: 55/55 MP: 7/7
  3476 | D:4      | Found a snail-covered altar of Cheibriados.
  3981 | D:5      | Entered Level 5 of the Dungeon
  4029 | D:5      | Noticed Sigmund
  4037 | D:5      | Killed Sigmund
  4192 | D:5      | Reached skill level 5 in Fighting
  4375 | D:5      | Reached skill level 7 in Long Blades
  4397 | D:5      | Reached XP level 8. HP: 60/62 MP: 8/8
  4476 | D:5      | Noticed Edmund
  4497 | D:5      | Killed Edmund
  4725 | D:6      | You fall into a shaft and drop 2 floors!
  4744 | D:7      | Noticed a hornet
  4752 | D:7      | Paralysed by a hornet for 1 turns
  4757 | D:7      | Killed a hornet
  4866 | D:7      | Killed from afar by a steam dragon

Illustrated notes

Levels and vault maps discovered:
D:1:      minmay_arrival_widening_spiral_narrow, layout_basic,
          minmay_misc_feat_alley
D:2:      layout_basic, lightli_corner_chamber
D:3:      layout_basic, basic_ecumenical_altar, uniq_natasha, uniq_grinder,
          uniq_ijyb
D:4:      layout_basic, slow_altar_1, minmay_temple_entry_drinking_statues,
          serial_shops, nicolae_diamond_shop
D:5:      layout_rooms, serial_bayou_pond_d, serial_bayou_pond_e,
          sigmund_edmund_badplayer
D:6:      layout_loops_cross, portal_sewer_entry_b, gammafunk_ghost_smash,
          kennysheep_generic_room_5, uniq_eustachio
D:7:      layout_loops_ring, st_stairs_3, minmay_circle_x
D:8:      wander_river, layout_basic, erik_lair_orcish_takeover

Skill      XL: |  1  2  3  4  5  6  7  8 |
---------------+-------------------------+-----
Long Blades    | 3 4 5 6 7 |  7.7
Dodging        | 2 3 |  3.5
Fighting       | 4 5 |  5.7
Stealth        | 1 2 3 |  3.1
Armour         | 2 |  2.9

Action                     |  1- 3 |  4- 6 |  7- 9 || total
---------------------------+-------+-------+-------++-------
  Melee: Falchion          |   151 |   129 |   154 ||   434
         Tailslap          |    12 |    19 |    31 ||    62
         Punch             |     1 |     1 |     4 ||     6
 Invoke: Berserk           |       |     4 |     5 ||     9
  Evoke: Wand              |       |     1 |       ||     1
    Use: Potion            |     1 |     1 |     2 ||     4
         Scroll            |       |    10 |     1 ||    11
   Stab: Sleeping          |       |     2 |     1 ||     3
         Paralysed         |       |       |     4 ||     4
 Armour: Animal skin       |    20 |    15 |     2 ||    37
         Ice dragon scales |       |       |    42 ||    42
  Dodge: Dodged            |   145 |   112 |    94 ||   351

Table legend: (Time is in decaauts)
 A = Elapsed time spent in this place.
 B = Non-inter-level travel time spent in this place.
 C = Inter-level travel time spent in this place.
 D = Time resting spent in this place.
 E = Time spent auto-exploring this place.
 F = Levels seen in this place.
 G = Mean time per level.
                   A        B        C        D        E       F      G
               +--------+--------+--------+--------+--------+-----+--------+
         Total |   4967 |   4749 |    218 |    453 |   3298 |   8 |  620.9 |
       Dungeon |   4967 |   4749 |    218 |    453 |   3298 |   8 |  620.9 |
               +--------+--------+--------+--------+--------+-----+--------+

Top non-repeatable levels by time:
     D:2: 1228 daAuts
     D:3: 1117 daAuts
     D:1: 865 daAuts
     D:4: 845 daAuts
     D:5: 597 daAuts
     D:6: 163 daAuts
     D:7: 132 daAuts
     D:8: 17 daAuts
